 Dungeon Crawl Stone Soup version 0.20.0-15-g7f486f2 (webtiles) character file.

1121 JarielCorvus the Thaumaturge (level 8, -1/41 HPs)
             Began as a Deep Elf Wizard on June 18, 2017.
             Was an Initiate of Vehumet.
             Slain by Pikel
             ... wielding a +1 whip of flaming
              (4 damage)
             ... on level 5 of the Dungeon.
             The game lasted 00:19:57 (5049 turns).

JarielCorvus the Thaumaturge (Deep Elf Wizard)      Turns: 5049, Time: 00:19:58

Health: -1/41      AC:  8    Str:  6    XL:     8   Next: 12%
Magic:  5/25       EV: 13    Int: 26    God:    Vehumet [......]
Gold:   145        SH:  0    Dex: 13    Spells: 18/29 levels left

rFire    . . .     SeeInvis .   w - +2 hand axe (elec)
rCold    . . .     Gourm    .   (no shield)
rNeg     . . .     Faith    .   i - +2 robe
rPois    .         Spirit   .   b - +0 hat
rElec    .         Reflect  .   (no cloak)
rCorr    .         Harm     .   h - +0 pair of gloves
MR       .....     Rnd*Rage +   (no boots)
Stlth    ++........             (no amulet)
Regen    0.2/turn               e - +3 ring of protection
MPRegen  0.2/turn               s - ring of wizardry

@: no status effects
A: berserk 1, strong 1
a: Renounce Religion


You were on level 5 of the Dungeon.
You worshipped Vehumet.
Vehumet was noncommittal.
You were not hungry.

You visited 1 branch of the dungeon, and saw 5 of its levels.

You collected 241 gold pieces.
You spent 96 gold pieces at shops.

Inventory:

Hand Weapons
 g - a +3 short sword
 w - a +2 hand axe of electrocution (weapon)
Armour
 a - a +0 robe
 b - a +0 hat (worn)
 h - a +0 pair of gloves (worn)
 i - a +2 robe (worn)
 k - a cursed +0 pair of gloves
 n - a +3 leather armour of fire resistance
Jewellery
 e - a +3 ring of protection (left hand)
 o - a cursed ring of loudness
 s - a ring of wizardry (right hand)
 A - an uncursed ring of protection from magic {unknown}
Wands
 m - a wand of confusion (18/48)
 u - a wand of clouds (5/9)
 v - a wand of flame (0/48)
Scrolls
 q - 3 scrolls of remove curse
 r - a scroll of fear
 t - a scroll of enchant armour
 y - a scroll of amnesia
Potions
 l - a potion of heal wounds
 p - 3 potions of curing
 x - a potion of brilliance {unknown}
 z - a potion of mutation
Books
 c - a book of Minor Magic

   Spells                             Type                      Level
   a - Magic Dart                     Conjuration                  1
   b - Blink                          Translocation                2
   c - Call Imp                       Summoning                    2
   d - Slow                           Hexes                        2
   e - Conjure Flame                  Conjuration/Fire             3
   f - Mephitic Cloud                 Conjuration/Poison/Air       3
Comestibles
 d - 4 bread rations
 f - 2 meat rations
 j - 6 royal jellies
 B - 2 fruits


   Skills:
 - Level 2.4 Dodging
 - Level 2.4 Stealth
 - Level 11.1 Spellcasting
 * Level 5.8 Conjurations
 - Level 1.1 Summonings
 - Level 1.1 Translocations
 + Level 0.2 Fire Magic
 + Level 0.2 Air Magic


You had 18 spell levels left.
You knew the following spells:

 Your Spells              Type           Power        Failure   Level  Hunger
a - Magic Dart            Conj           ####         1%          1    None
b - Blink                 Tloc           N/A          1%          2    None
c - Call Imp              Summ           ###.....     1%          2    None
d - Conjure Flame         Conj/Fire      ####....     1%          3    None
e - Mephitic Cloud        Conj/Pois/Air  ###.....     2%          3    None


Dungeon Overview and Level Annotations

Branches:
Dungeon (5/15)
 Temple: D:4-7

Altars:
Cheibriados
Elyvilon
Hepliaklqana
Makhleb
Ru
Sif Muna
Vehumet

Shops:
D:4 !

Annotations:
D:5 Pikel


Innate Abilities, Weirdness & Mutations

You tend to lose your temper in combat.
Your muscles are strong. (Str +2)


Message History

Aim: a slave, wearing an animal skin (moderately wounded, confused)
The magic dart hits the slave.
The slave is heavily wounded.
Pikel asks, "Where am I?"
Things that are here:
an animal skin; a human corpse Pikel seems less confused.
The slave seems less confused.
The slave hits you.
The slave barely misses Pikel.
The slave hits you.
You closely miss Pikel.
Pikel is almost dead.
You hit the slave. Lightning courses through the slave!
Pikel says, "You'll fetch a fair price!"
Pikel hits you with a whip of flaming. Pikel burns you.
The slave barely misses you.
You barely miss Pikel.
Pikel is almost dead.
You hit the slave. Pikel hits you with a whip of flaming!
* * * LOW HITPOINT WARNING * * *
Pikel burns you.
You die...

#.#......####........
#....[#..............
###...#######........
#..†......#.#.#####
#..###..#.#.#.# #
#.......# ....# # #
#.......# ..... .
##.###p.##.#.# ....#
# #....[.@K?.# # ...
# ########..p.... #
.....#. # ##..... ##
..... .. .... # .#. #
.#


You could see Pikel and 2 slaves.

Vanquished Creatures
  Grinder (D:5)
  Prince Ribbit (D:5)
  2 slaves (D:5)
  An ogre (D:5)
  A centaur (D:5)
  A scorpion (D:5)
  2 crimson imps
  A hound (D:5)
  A jelly (D:5)
  2 orc priests (D:5)
  Jessica (D:3)
  Terence (D:3)
  An iguana (D:5)
  2 orc wizards (D:4)
  Ijyb (D:3)
  2 worker ants
  Robin (D:3)
  6 adders
  An ooze (D:5)
  An adder skeleton (D:4)
  An adder zombie (D:5)
  A worm (D:2)
  3 dart slugs
  2 leopard geckos
  13 orcs
  4 giant cockroaches
  24 goblins
  14 hobgoblins
  9 jackals
  5 quokkas
  9 bats
  7 frilled lizards
  9 kobolds
  4 rats
135 creatures vanquished.

Vanquished Creatures (others)
  A frilled lizard (D:3)
  A rat (D:3)
2 creatures vanquished.

Grand Total: 137 creatures vanquished

Notes
Turn   | Place    | Note
-------+----------+-------------------------------------------
     0 | D:1      | JarielCorvus the Deep Elf Wizard began the quest for the Orb.
     0 | D:1      | Reached XP level 1. HP: 10/10 MP: 7/7
   213 | D:1      | Reached XP level 2. HP: 15/15 MP: 6/9
   217 | D:1      | Learned a level 2 spell: Blink
   220 | D:1      | Learned a level 2 spell: Call Imp
   349 | D:1      | Reached skill level 5 in Spellcasting
   707 | D:2      | Reached XP level 3. HP: 19/19 MP: 7/11
   712 | D:2      | Learned a level 3 spell: Conjure Flame
   716 | D:2      | Learned a level 3 spell: Mephitic Cloud
  1189 | D:2      | Found a snail-covered altar of Cheibriados.
  1235 | D:2      | Reached skill level 6 in Spellcasting
  1364 | D:2      | Reached XP level 4. HP: 24/24 MP: 10/14
  1751 | D:3      | Noticed Ijyb
  1980 | D:3      | Killed Ijyb
  2298 | D:3      | Found a white marble altar of Elyvilon.
  2362 | D:3      | Noticed Terence
  2397 | D:3      | Reached skill level 7 in Spellcasting
  2402 | D:3      | Reached XP level 5. HP: 26/28 MP: 0/16
  2420 | D:3      | Killed Terence
  2666 | D:3      | Noticed Jessica
  2669 | D:3      | Killed Jessica
  2762 | D:3      | Found a sacrificial altar of Ru.
  3006 | D:3      | Noticed Robin
  3303 | D:3      | Killed Robin
  3690 | D:4      | Found Vourey's Distillery.
  3699 | D:4      | Bought a potion of mutation for 96 gold pieces
  3700 | D:4      | Gained mutation: You tend to lose your temper in combat. [potion of mutation]
  3700 | D:4      | Gained mutation: Your muscles are strong. (Str +2) [potion of mutation]
  3710 | D:4      | Found a deep blue altar of Sif Muna.
  3774 | D:4      | Reached skill level 8 in Spellcasting
  3802 | D:4      | Reached XP level 6. HP: 28/32 MP: 5/19
  4079 | D:4      | Found a radiant altar of Vehumet.
  4088 | D:4      | Found a burning altar of Makhleb.
  4097 | D:4      | Became a worshipper of Vehumet
  4207 | D:5      | Entered Level 5 of the Dungeon
  4248 | D:5      | Reached skill level 9 in Spellcasting
  4385 | D:5      | Noticed Grinder
  4400 | D:5      | Paralysed by Grinder for 4 turns
  4410 | D:5      | Paralysed by Grinder for 3 turns
  4424 | D:5      | Killed Grinder
  4424 | D:5      | Reached XP level 7. HP: 26/36 MP: 9/22
  4507 | D:5      | Noticed Prince Ribbit
  4523 | D:5      | Killed Prince Ribbit
  4523 | D:5      | Reached skill level 10 in Spellcasting
  4523 | D:5      | Reached skill level 5 in Conjurations
  4647 | D:5      | Found a hazy altar of Hepliaklqana.
  4743 | D:5      | Reached XP level 8. HP: 17/41 MP: 2/24
  4800 | D:5      | Reached skill level 11 in Spellcasting
  5010 | D:5      | Noticed Pikel
  5049 | D:5      | Slain by Pikel

Skill      XL: |  1  2  3  4  5  6  7  8 |
---------------+-------------------------+-----
Spellcasting   | 5 6 7 8 9 10 11 | 11.1
Conjurations   | 2 3 4 5 |  5.8
Dodging        | |  2.4
Stealth        | |  2.4
Summonings     | |  1.1
Translocations | |  1.1
Fire Magic     | |  0.2
Air Magic      | |  0.2

Action                   |  1- 3 |  4- 6 |  7- 9 || total
-------------------------+-------+-------+-------++-------
Melee: Short sword       |     6 |     4 |       ||    10
       Hand axe          |       |     1 |     6 ||     7
 Cast: Magic Dart        |    90 |   225 |    71 ||   386
       Mephitic Cloud    |       |     4 |    10 ||    14
       Call Imp          |       |     8 |       ||     8
  Use: Scroll            |     5 |    11 |       ||    16
       Potion            |       |     6 |       ||     6
 Stab: Confused          |       |       |     2 ||     2
  Eat: Bread ration      |       |     1 |     1 ||     2
       Chunk             |       |     2 |       ||     2
       Meat ration       |       |     1 |       ||     1
Armor: Robe              |     2 |    27 |     5 ||    34
Dodge: Dodged            |    24 |    38 |     7 ||    69
